AoeStats
← PBNX_EMP

Arena

504781941Analyzed
3v3 RM · 24d ago on Sep 6, 2026· 77m 33s· 6 players
Game mode
Random Map
Map size
Normal (6 player)
Population
200
Speed
Normal
Resources
Standard
Victory
Conquest
Starting age
Dark Age
Ending age
Imperial Age
RankedLock teamsTeams togetherTeam positionsShared explorationLock speedFull tech treeHidden civsTurbo modeCheats
Victory
Defeat
🇺🇸 Bohemians · United States
691
+10
🇨🇴 Huns · Colombia
640
+11
🇺🇸 Portuguese · United States
633
+12
🇷🇴 Franks · Romania
590
-13
🇷🇴 Chinese · Romania
517
-10
🇬🇧 Italians · United Kingdom
508
-10
IBekson
3:15 Loom
11:21 Feudal Age
12:03 Horse Collar
12:12 Double-Bit Axe
12:23 Gold Mining
17:47 Stone Mining
21:42 Wheelbarrow
23:09 Castle Age
22:22 Fletching
22:33 Padded Archer Armor
22:45 Forging
22:35 Scale Mail Armor
22:26 Arson
22:01 Man-at-Arms
25:48 Thumb Ring
25:08 Elite Skirmisher
26:56 Bow Saw
27:02 Heavy Plow
27:54 Treadmill Crane
28:30 Guard Tower
33:36 Ballistics
34:04 Stone Shaft Mining
32:58 Long Swordsman
33:25 Gambesons
33:41 Bodkin Arrow
34:02 Leather Archer Armor
34:03 Chain Mail Armor
34:22 Caravan
34:12 Crossbowman
36:53 Fortified Wall
37:28 Iron Casting
39:11 Crossbowman
39:52 Pikeman
45:01 Imperial Age
46:18 Conscription
46:01 Arquebus
48:02 Chemistry
52:29 Elite Organ Gun
53:43 Two-Handed Swordsman
56:35 Coinage
57:24 Capped Ram
58:14 Bracer
58:45 Ring Archer Armor
58:47 Plate Mail Armor
59:18 Blast Furnace
62:29 Arbalester
66:46 Guilds
66:59 Hand Cart
74:45 Bombard Tower
Boundless316
5:36 Loom
13:02 Feudal Age
14:33 Wheelbarrow
13:41 Horse Collar
13:49 Double-Bit Axe
20:13 Castle Age
21:10 Hand Cart
21:09 Bow Saw
21:02 Heavy Plow
25:07 Treadmill Crane
31:58 Imperial Age
31:22 Chemistry
30:44 Ballistics
30:15 Pikeman
30:26 Elite Skirmisher
31:24 Fortified Wall
31:33 Fletching
31:57 Forging
32:06 Town Watch
33:09 Conscription
33:02 Town Patrol
33:03 Bodkin Arrow
33:13 Padded Archer Armor
33:18 Scale Mail Armor
34:24 Bracer
35:45 Two-Man Saw
36:02 Wagenburg Tactics
37:16 Siege Engineers
37:23 Masonry
38:09 Houfnice
39:23 Leather Archer Armor
39:44 Iron Casting
39:25 Chain Mail Armor
39:17 Caravan
39:20 Murder Holes
41:36 Ring Archer Armor
41:37 Plate Mail Armor
42:03 Coinage
41:44 Guilds
41:51 Squires
41:37 Arson
42:05 Halberdier
44:57 Elite Hussite Wagon
46:57 Sappers
47:36 Hussite Reforms
51:37 Heresy
51:42 Man-at-Arms
53:22 Long Swordsman
56:26 Banking
55:53 Two-Handed Swordsman
59:13 Cavalier
59:54 Husbandry
63:13 Light Cavalry
66:25 Blast Furnace
65:30 Scale Barding Armor
70:53 Champion
Kamehame
0:39 Loom
13:27 Feudal Age
18:33 Castle Age
17:00 Double-Bit Axe
28:19 Murder Holes
29:06 Town Watch
31:07 Scale Barding Armor
33:06 Husbandry
33:17 Bloodlines
39:12 Horse Collar
40:42 Heavy Plow
47:18 Ballistics
47:12 Masonry
47:01 Town Watch
52:00 Imperial Age
50:29 Pikeman
51:09 Squires
50:57 Arson
52:12 Town Patrol
54:25 Chemistry
53:20 Fletching
56:14 Gold Mining
57:26 Wheelbarrow
58:34 Bow Saw
58:45 Caravan
60:44 Scale Mail Armor
60:55 Forging
65:12 Capped Ram
68:26 Siege Ram
70:31 Iron Casting
70:12 Chain Mail Armor
73:08 Halberdier
mihai.borde78
11:59 Feudal Age
12:29 Horse Collar
14:15 Double-Bit Axe
15:08 Stone Mining
17:26 Padded Archer Armor
17:18 Fletching
17:30 Scale Mail Armor
19:43 Forging
20:58 Gold Mining
21:40 Scale Barding Armor
24:19 Castle Age
23:54 Wheelbarrow
24:32 Elite Skirmisher
25:32 Husbandry
24:56 Light Cavalry
26:19 Bow Saw
26:15 Bodkin Arrow
28:01 Stone Shaft Mining
27:54 Heavy Plow
28:31 Hand Cart
30:43 Treadmill Crane
31:25 Ballistics
31:17 Masonry
31:19 Fortified Wall
35:35 Leather Archer Armor
35:37 Chain Mail Armor
35:58 Iron Casting
35:34 Thumb Ring
35:05 Pikeman
35:45 Squires
36:34 Silk Road
42:35 Imperial Age
42:47 Bloodlines
45:22 Chemistry
44:53 Hussar
59:42 Loom
69:35 Coinage
69:10 Caravan
69:23 Guilds
PBNX_EMP
12:26 Feudal Age
13:02 Double-Bit Axe
13:59 Wheelbarrow
21:51 Castle Age
22:49 Bow Saw
23:13 Hand Cart
24:15 Padded Archer Armor
24:23 Scale Barding Armor
24:08 Fletching
24:58 Stone Mining
32:44 Light Cavalry
37:36 Imperial Age
37:42 Husbandry
39:04 Cavalier
41:55 Chemistry
41:01 Siege Engineers
45:26 Gold Mining
50:21 Caravan
51:34 Chain Barding Armor
51:25 Forging
51:17 Scale Mail Armor
51:32 Leather Archer Armor
51:13 Bodkin Arrow
52:43 Gold Shaft Mining
55:50 Paladin
bordeianu.petru
10:26 Feudal Age
10:58 Double-Bit Axe
15:51 Horse Collar
20:27 Castle Age
21:49 Bow Saw
21:40 Heavy Plow
25:26 Padded Archer Armor
27:00 Scale Mail Armor
30:36 Chain Mail Armor
30:43 Squires
32:33 Forging
39:51 Iron Casting
43:09 Imperial Age
41:15 Wheelbarrow
40:26 Loom
40:27 Town Watch
41:44 Leather Archer Armor
41:03 Crossbowman
41:51 Thumb Ring
43:15 Hand Cart
42:54 Fletching
43:24 Arbalester
44:40 Bodkin Arrow
45:05 Elite Fire Lancer
48:55 Bracer
49:26 Ring Archer Armor
50:12 Cavalier
50:53 Husbandry
51:03 Bloodlines
52:08 Blast Furnace
51:14 Scale Barding Armor
67:01 Chain Barding Armor
67:46 Conscription
67:34 Man-at-Arms
71:04 Plate Barding Armor
73:22 Light Cavalry
Connection lost

Rejoining the realm…

Still unreachable

The connection could not be restored.

Session expired

The server has moved on; the page needs a fresh start.